[Event "*** Titled Tuesday Blitz"]
[Site "Chess.com"]
[Date "2020.02.04"]
[Round "3"]
[White "TigrVShlyape"]
[Black "karinachess1"]
[Result "1-0"]
[WhiteElo "2828"]
[BlackElo "2494"]
[TimeControl "180+2"]
[EndTime "13:40:16 PST"]
[Termination "TigrVShlyape won on time"]

1. d4 Nf6 2. Nf3 e6 3. Bf4 c5 4.
e3 Nc6 5. Nbd2 d5 6. c3 cxd4 7. exd4 Nh5 8. Be3 Bd6 9. Ne5 g6 10. g4 Ng7 11. h4 Nxe5 12. dxe5 Bxe5 13. Nf3 Bc7 14. Qd4 O-O 15. O-O-O e5 16. Nxe5 Qf6 17.
f4 Ne6 18. g5 Nxd4 19. gxf6 Nf5 20. Bf2 h5 21. Bg2 Be6 22. Bxd5 Rfe8 23. Bxb7 Rab8 24. Bc6 Red8 25. Rxd8+ Bxd8 26. Bxa7 Rc8 27. Bb7 Rc7 28. Bb6 Rxb7 29. Bxd8 Bxa2 30. b4 Be6 31. Kb2 Rb8 32. Bc7 Rc8 33. Bb6 Rb8 34. Ba5 Ne3 35. Rh2 Nd5 36. c4 Nxf4 37. Kc3 Rc8 38. b5 Nd5+ 39. Kd4 Nf4 40. b6 Bf5 41. Rb2 Ne6+ 42. Ke3 Nc5 43.
Be1 Re8 44. Bg3 Nb7 45. Rb5 Bd7 46. Rd5 Be6 47. Rd4 Kh7 48. Kf4 Nc5 49. Nf3 Bf5 50.
Ng5+ Kg8 51. Rd5 Nd3+ 52. Kf3 Nb4 53. Rb5 Nc6 54. Bf2 Bg4+ 55. Kg3 Bd7 56. Rd5 Be6 57. Rd6 1-0

[Event "*** Titled Tuesday Blitz"]
[Site "Chess.com"]
[Date "2020.02.04"]
[Round "3"]
[White "SHIVACalypso"]
[Black "bazar-wokzal"]
[Result "1/2-1/2"]
[WhiteElo "2228"]
[BlackElo "2532"]
[TimeControl "180+2"]
[EndTime "13:40:17 PST"]
[Termination "Game drawn by repetition"]

1. Nf3 c5 2. c4 g6 3. g3 Bg7 4.
Bg2 Nc6 5. O-O d6 6. Nc3 f5 7. d3 Nf6 8. Rb1 O-O 9. a3 h6 10. b4 g5 11. b5 Nd4 12. Nxd4 cxd4 13. Nd5 e6 14. Nxf6+ Qxf6 15. Bb2 h5 16. e3 Qh6 17. Bxd4 Bxd4 18. exd4 f4 19. Re1 g4 20. gxf4 Qxf4 21. Qe2 Qxd4 22. Qe4 Qxf2+ 23. Kh1 Qf5 24. Qd4 Qf4 25. Re4 Qf6 26. Qxd6 Rd8 27. Qc5 e5 28. Qxe5 Qxe5 29. Rxe5 Rxd3 30. Bd5+ Kg7 31. Rf1 Rxa3 32. Rf7+ Kg6 33. Rf8 h4 34. Rg8+ Kf6 35. Ree8 h3 36. Kg1 a6 37. Rxc8 Rxc8 38. Rxc8 axb5 39. cxb5 Ra5 40.
Rc5 b6 41. Rc6+ Ke5 42. Bc4 Ra1+ 43. Bf1 g3 44. hxg3 h2+ 45. Kxh2 Rxf1 46. Rxb6 Rb1 47. Rb8 Kf6 48. b6 Kg7 49. Kh3 Rb4 50. Kg2 Rb3 51. Kf2 Kh7 52. b7 Kg7 53. Ke2 Rb6 54.
Kd2 Rb5 55. Kc3 Rb1 56. g4 Rb6 57. Kc4 Rb1 58. Kc5 Rc1+ 59. Kd5 Rd1+ 60. Kc4 Rc1+ 61.
Kd5 Rd1+ 62. Ke6 Re1+ 63. Kf5 Rb1 64. Kg5 Rb5+ 65. Kh4 Rb4 66. Kg5 Rb5+ 67. Kh4 Rb4 68. Kg5 Rb5+ 1/2-1/2

[Event "*** Titled Tuesday Blitz"]
[Site "Chess.com"]
[Date "2020.02.04"]
[Round "3"]
[White "Valk4"]
[Black "vanyakuba"]
[Result "1/2-1/2"]
[WhiteElo "2270"]
[BlackElo "2408"]
[TimeControl "180+2"]
[EndTime "13:40:17 PST"]
[Termination "Game drawn by repetition"]

1. e4 d5 2. exd5 Qxd5 3. Nc3 Qa5 4. d4 Nf6 5. Bc4 Nc6 6. d5 Ne5 7. Bb3 Bf5 8. Bf4 Ng6 9. Bd2 O-O-O 10. Nf3 Qa6 11. Qe2 Qxe2+ 12. Kxe2 Bg4 13. h3 Bxf3+ 14. Kxf3 e6 15. Bg5 Ne5+ 16. Ke2 exd5 17. Bxf6 gxf6 18. Nxd5 c6 19. Nxf6 Be7 20. Ng4 Ng6 21. Rad1 Kc7 22.
Rxd8 Rxd8 23. g3 f5 24. Ne3 f4 25. Nf5 Bf6 26. c3 Re8+ 27. Kd2 fxg3 28. fxg3 Bg5+ 29.
Kd1 Rd8+ 30. Kc2 Rd2+ 31. Kb1 Ne5 32. h4 Bf6 33. Nd4 Nd3 34. Ne6+ Kb6 35. Bc2 Nf2 36. Rf1 Be5 37. Bxh7 Bxg3 38. h5 Re2 39. Nd4 Re5 40.
Bg6 Nh3 41. Rf3 Rg5 42. Kc2 Be5 43. Ne6 Rg2+ 44. Kb3 Ng5 45. Rf5 Nxe6 46. Rxe5 Nf4 47. Re4 Nxg6 48. hxg6 Rxg6 49. Rb4+ Kc7 50. Rc4 Rg2 51.
Rf4 Rh2 52. Rf7+ Kb6 53. Rg7 a5 54. Rf7 Rg2 55. a3 Rh2 56. a4 Rg2 57. Rf6 Rh2 58.
Rf7 Rg2 59. Rf6 Rh2 60. Rf7 1/2-1/2

[Event "*** Titled Tuesday Blitz"]
[Site "Chess.com"]
[Date "2020.02.04"]
[Round "3"]
[White "IMRosen"]
[Black "Schachmalanders"]
[Result "0-1"]
[WhiteElo "2541"]
[BlackElo "2287"]
[TimeControl "180+2"]
[EndTime "13:40:18 PST"]
[Termination "Schachmalanders won by checkmate"]

1. d4 d5 2. Bf4 g6 3. Nc3 Bg7 4.
e3 Nf6 5. h4 c6 6. Nf3 Bg4 7.
Be2 Nbd7 8. Ne5 Bxe2 9. Qxe2 Nh5 10. Bh2 Nxe5 11. dxe5 f5 12. O-O-O Qc7 13. f4 O-O-O 14. g4 fxg4 15. Qxg4+ Qd7 16. Qg2 e6 17. Rhf1 Bf8 18. Kb1 Bc5 19. Qh3 Ng7 20. Ne2 Nf5 21. Nd4 Bxd4 22.
exd4 Kb8 23. Bg1 Rhf8 24. Bf2 Rf7 25. Be1 Ng7 26. Rd3 Nh5 27. Bd2 Rdf8 28. Rdf3 Rf5 29.
Qg4 R8f7 30. Bb4 b6 31. Bd6+ Kb7 32. a4 c5 33. dxc5 Qxa4 34. cxb6 axb6 35. Qh3 Nxf4 36. Qh1 Qb5 37. Re1 Nh5 38. Rb3 Qc4 39. Qg1 d4 40.
Rc1 Nf4 41. Qh1+ Nd5 42. Rg3 Rf1 43. Rg1 R1f2 44. Qh3 Nb4 45. Bxb4 Qxb4 46. Qxe6 Qb5 47. Qd6 Rd7 48. Qa3 d3 49. cxd3 Rxd3 50. Qe7+ Ka6 51. Rc2 Rdd2 52. Rgc1 Rxc2 53. Rxc2 Rf1+ 54. Rc1 Qd3+ 55. Ka2 Rxc1 56. Qe8 Qc4+ 57. b3 Qc2+ 58. Ka3 Ra1+ 59. Kb4 Qc5# 0-1

[Event "*** Titled Tuesday Blitz"]
[Site "Chess.com"]
[Date "2020.02.04"]
[Round "3"]
[White "mbojan"]
[Black "riconaipe"]
[Result "1/2-1/2"]
[WhiteElo "2757"]
[BlackElo "2541"]
[TimeControl "180+2"]
[EndTime "13:40:20 PST"]
[Termination "Game drawn by stalemate"]

1. e4 g6 2. d4 Bg7 3. Nc3 c6 4. Nf3 d5 5. Be3 Bg4 6. h3 Bxf3 7. Qxf3 e6 8. exd5 cxd5 9. Bb5+ Nc6 10. Rd1 Ne7 11.
O-O Nf5 12. Ne2 O-O 13. c3 Rc8 14. Bf4 Na5 15. Bd3 Nc4 16. Bc1 Ncd6 17. Ng3 Nxg3 18. Qxg3 b5 19. Bf4 Nc4 20. b3 Nb2 21. Rd2 Nxd3 22.
Rxd3 Rc6 23. Bd2 Qc7 24. Ra1 Qxg3 25. fxg3 Rb8 26. g4 Bf8 27. a3 a5 28. b4 Ra8 29.
Rb1 axb4 30. axb4 Ra2 31. Kf2 Bh6 32. Ke1 Bxd2+ 33. Rxd2 Ra3 34. Rd3 Raxc3 35. Rxc3 Rxc3 36. Kd2 Rg3 37. Rc1 Rxg2+ 38. Ke3 Rg3+ 39. Kf4 Rxh3 40.
Rc5 Rd3 41. Ke5 Kg7 42. Rxb5 Re3+ 43. Kd6 Re4 44. Kc5 Rxg4 45. Ra5 Rg1 46. b5 Rc1+ 47. Kd6 h5 48. b6 Rb1 49. Kc6 Rc1+ 50. Kd6 Rb1 51.
Kc6 h4 52. Rb5 Rxb5 53. Kxb5 h3 54. b7 h2 55. b8=Q h1=Q 56. Qe5+ Kh7 57. Qf6 Qb1+ 58.
Kc6 Qf5 59. Qe7 Kg7 60. Kd7 e5+ 61. Kc7 exd4 62. Qc5 d3 63. Qd4+ f6 64. Kd8 g5 65.
Qa7+ Kg6 66. Ke8 Qe6+ 67. Kf8 Qd6+ 68. Ke8 d2 69. Qf7+ Kh6 70. Qg6+ Kxg6 1/2-1/2

[Event "*** Titled Tuesday Blitz"]
[Site "Chess.com"]
[Date "2020.02.04"]
[Round "3"]
[White "ChessPlayer202202"]
[Black "almaguerjm"]
[Result "0-1"]
[WhiteElo "2241"]
[BlackElo "2398"]
[TimeControl "180+2"]
[EndTime "13:40:20 PST"]
[Termination "almaguerjm won by resignation"]

1. e4 Nf6 2. e5 Nd5 3. d4 d6 4. c4 Nb6 5. exd6 cxd6 6. Nc3 g6 7. Be3 Bg7 8. Rc1 O-O 9. b3 Nc6 10. Be2 f5 11. d5 f4 12. Bxb6 Qxb6 13. dxc6 bxc6 14. Nf3 g5 15. h3 Bb7 16. Qd3 h6 17. O-O Bc8 18. c5 Qxc5 19. Ne4 Qd5 20. Qc2 Kh8 21. Bc4 Qf5 22. Ned2 Qd7 23. Bd3 Bb7 24. Rfe1 e5 25. Ne4 Qe7 26. Qe2 Rae8 27. Rcd1 c5 28. Bc4 Rd8 29. Bd5 Bc8 30. Rd3 g4 31. hxg4 Bxg4 32. Qd2 Qe8 33. Nh2 Bf5 34. Rc3 Qg6 35.
Qe2 h5 36. Nf3 Bg4 37. Qf1 Bf6 38. Nxf6 Rxf6 39. Be4 Qg7 40. Rd3 h4 41. Nxh4 Rh6 42. g3 Rg8 43. Qg2 Qf6 44. Nf3 Rh5 45. Nh2 Bh3 46.
Qf3 Qh6 47. g4 Rh4 48. Bf5 Rg5 49. Qa8+ Rg8 50. Qb7 Bxg4 51. Bxg4 Rxh2 52. Qf3 Rh4 53. Kf1 Rhxg4 54. Ke2 Rh4 55. b4 Qh7 56. bxc5 e4 0-1

[Event "*** Titled Tuesday Blitz"]
[Site "Chess.com"]
[Date "2020.02.04"]
[Round "3"]
[White "Msb2"]
[Black "DanielDardha2005"]
[Result "0-1"]
[WhiteElo "2830"]
[BlackElo "2617"]
[TimeControl "180+2"]
[EndTime "13:40:23 PST"]
[Termination "DanielDardha2005 won by checkmate"]

1. d4 Nf6 2. c4 e6 3. Nc3 Bb4 4.
e3 O-O 5. Bd2 d5 6. Nf3 Re8 7. Rc1 b6 8. cxd5 exd5 9. Ne5 Bb7 10. Bd3 Nbd7 11. f4 Bf8 12. O-O c5 13. Qf3 cxd4 14.
exd4 Ne4 15. Qh3 Ndf6 16. Be1 Nxc3 17. Rxc3 Ne4 18. Rc1 f6 19. Nf3 Rc8 20. Bh4 Qd6 21. Qg4 Qe6 22. Qxe6+ Rxe6 23. Rxc8 Bxc8 24. Rc1 Bb7 25.
f5 Rc6 26. Rxc6 Bxc6 27. Be1 Kf7 28. g4 Bd6 29. Nd2 Bf4 30. Nxe4 dxe4 31. Bc4+ Ke7 32. Bb4+ Kd7 33. Be6+ Kc7 34. d5 Bb5 35. Bf8 e3 36.
Bb4 Bd6 37. Bc3 e2 38. Kf2 Bxh2 39. g5 fxg5 40. a4 Ba6 41. b4 Bd3 42. Ke3 Bg3 43. Kxd3 e1=Q 44. Bxe1 Bxe1 45. b5 Kd6 46. Ke4 h5 47.
Bf7 h4 48. Kf3 Bc3 49. Kg4 Bf6 50. Be6 Kc5 51. Kh3 Kb4 52. Bd7 Kxa4 53. Bc6 Be7 54. Kg4 Ka5 55. Bd7 a6 56. bxa6 Kxa6 57. Kf3 b5 58.
Ke4 Kb6 59. Kd4 Bf6+ 60. Kd3 Kc5 61. Ke4 b4 62. Ba4 h3 63. Kf3 g4+ 64. Kg3 Be5+ 65.
Kf2 g3+ 66. Kf3 g2 67. Kf2 Bd4+ 68. Ke2 g1=Q 69. d6 Qe3+ 70. Kd1 Bc3 71. Kc2 Qd2+ 72. Kb1 Qb2# 0-1

[Event "*** Titled Tuesday Blitz"]
[Site "Chess.com"]
[Date "2020.02.04"]
[Round "3"]
[White "IakovUlivar"]
[Black "vladimirdamjanovic"]
[Result "0-1"]
[WhiteElo "2434"]
[BlackElo "2634"]
[TimeControl "180+2"]
[EndTime "13:40:24 PST"]
[Termination "vladimirdamjanovic won by resignation"]

1. d4 Nf6 2. c4 c5 3. d5 b5 4.
cxb5 a6 5. e3 g6 6. Nc3 Bg7 7. Nf3 O-O 8. a4 d6 9. Ra3 Nbd7 10.
Be2 axb5 11. axb5 Rxa3 12. bxa3 Qa5 13. Qd2 Nb6 14. Bb2 Nfxd5 15. Nxd5 Qxd2+ 16. Nxd2 Nxd5 17. Bxg7 Kxg7 18. a4 Bd7 19. a5 Ra8 20. a6 Ra7 21. e4 Nb6 22. Nc4 Bxb5 23. Nxb6 Rxa6 24. Bxb5 Ra1+ 25. Ke2 Rxh1 26. Nd5 e6 27. Ne3 Rb1 28. Bc6 Rb6 29. Ba4 Rb4 30. Bc6 Kf6 31. f4 Ke7 32. f5 h5 33. Kf3 c4 34. fxg6 fxg6 35. e5 dxe5 36. h4 c3 37. Be4 Kf6 38. g3 Rb2 39.
Nc2 Rb8 40. Ke3 Rd8 41. Bd3 g5 42. Ke4 gxh4 43. gxh4 Rg8 44. Ne3 Rd8 45. Be2 Rd4+ 46.
Kf3 Rxh4 47. Kg3 Re4 48. Kf2 Kg5 49. Bd3 Rd4 50. Bc2 Rd2+ 51. Kg3 h4+ 52. Kf3 h3 53. Be4 h2 54. Kg3 c2 55. Nxc2 Rxc2 0-1

[Event "*** Titled Tuesday Blitz"]
[Site "Chess.com"]
[Date "2020.02.04"]
[Round "3"]
[White "gena217"]
[Black "Sutormin_DA"]
[Result "1-0"]
[WhiteElo "2988"]
[BlackElo "2605"]
[TimeControl "180+2"]
[EndTime "13:40:27 PST"]
[Termination "gena217 won by resignation"]

1. e4 e5 2. Nf3 Nc6 3. Bb5 Nf6 4. d3 Bc5 5. Bxc6 dxc6 6. Nbd2 O-O 7. O-O Bg4 8. h3 Bh5 9. Nc4 Bxf3 10. Qxf3 Re8 11. Bg5 Re6 12. a4 a5 13. Qg3 h6 14. Bd2 Nh5 15.
Qf3 Qh4 16. Qg4 Qxg4 17. hxg4 Nf6 18. Nxa5 Bd4 19. Nxb7 Bxb2 20. Ra2 Bd4 21. Na5 Nxg4 22. Nc4 h5 23. Be3 Bxe3 24. fxe3 g6 25. a5 c5 26. Rb1 Kf8 27. Rb5 Rc6 28. Rab2 Ke7 29. Rb8 Rxb8 30. Rxb8 Ra6 31. Kf1 Kd7 32. Ke2 Ke7 33. Kd2 Kd7 34.
Rb5 Kc6 35. Rb1 Kd7 36. Rf1 Ke7 37. Kc3 f6 38. Kb3 Kd7 39. Ka4 Kc6 40. Rb1 g5 41.
Rb8 h4 42. Re8 Kd7 43. Rf8 Kc6 44. c3 Ra7 45. d4 cxd4 46. exd4 exd4 47. cxd4 Rb7 48. a6 Ra7 49. Ka5 Kd7 50. Kb5 Ke7 51. Rc8 Kd7 52. Rh8 Nf2 53. Rh7+ Kd8 54. Na5 Kc8 55. Nc6 Rxa6 56. Kxa6 Nxe4 57. Kb5 Nd6+ 58. Kc5 Ne4+ 59. Kd5 Nd6 60. Ke6 f5 61. Ne7+ Kb7 62.
Nxf5 1-0

[Event "*** Titled Tuesday Blitz"]
[Site "Chess.com"]
[Date "2020.02.04"]
[Round "3"]
[White "icychess54"]
[Black "FedaMaster"]
[Result "1/2-1/2"]
[WhiteElo "2406"]
[BlackElo "2596"]
[TimeControl "180+2"]
[EndTime "13:40:28 PST"]
[Termination "Game drawn by agreement"]

1. c4 c5 2. Nf3 Nc6 3. Nc3 e5 4. e3 Nf6 5. Be2 d5 6. cxd5 Nxd5 7. O-O Nc7 8. b3 Be7 9. Bb2 O-O 10. a3 Be6 11.
Qc2 Rc8 12. Ne4 f6 13. Nxc5 Bxc5 14. Qxc5 Bxb3 15. d4 exd4 16. Nxd4 Ne6 17. Nxe6 Bxe6 18. Rfd1 Qa5 19. Qxa5 Nxa5 20. Bf3 b6 21. Rac1 Kf7 22. h4 Nc4 23. Bd4 Nxa3 24. Ra1 Nb5 25. Be2 Bc4 26.
Bxc4+ Rxc4 27. Rdb1 Nxd4 28. Rxa7+ Kg6 29. exd4 Rxd4 30.
Rxb6 Rxh4 31. Rbb7 Rg8 32. g3 Rd4 33. Kg2 h5 34. Rc7 Rd2 35. Kg1 Kh6 36. Kg2 Rd5 37.
f4 Rf5 38. Kh3 Rd5 39. Rcb7 Kg6 40. Rc7 Rd1 41. Rcb7 Rh1+ 42. Kg2 Rc1 43. Kh3 Kh6 44.
Rd7 Rc6 45. Rdb7 Re6 46. Rc7 Kg6 47. Rcb7 Kh7 48. Rc7 f5 49. Rf7 Kg6 50. Kh4 Re1 51.
Kh3 Re6 52. Kh4 Rd6 53. Kh3 Rf6 54. Rxf6+ Kxf6 55. Ra6+ Kf7 56. Kh4 Re8 57. Kxh5 Re3 58. Kg5 Rxg3+ 59. Kxf5 g6+ 60. Ke4 1/2-1/2

[Event "*** Titled Tuesday Blitz"]
[Site "Chess.com"]
[Date "2020.02.04"]
[Round "3"]
[White "Volodar_Murzin"]
[Black "ruvat"]
[Result "1-0"]
[WhiteElo "2616"]
[BlackElo "2404"]
[TimeControl "180+2"]
[EndTime "13:40:29 PST"]
[Termination "Volodar_Murzin won by resignation"]

1. d4 d6 2. Nf3 g6 3. Bf4 Bg7 4. Nbd2 Nd7 5. e3 e5 6. dxe5 dxe5 7. Bg3 Nh6 8. h3 O-O 9. Bc4 Qe7 10. O-O Nf5 11.
Bh2 Nb6 12. Bd3 Nd6 13. e4 f6 14. Qe2 Be6 15. Rfc1 Rfd8 16. b3 Nd7 17. c3 Nc5 18. Bc2 a5 19. Rd1 b6 20. Nf1 Bh6 21. N3d2 Qe8 22. a4 Bd7 23. Ne3 Bc6 24. Nd5 Qf7 25. Qf3 Bg7 26. b4 axb4 27. cxb4 Ne6 28. Bb3 Kh8 29.
Nxc7 Qxc7 30. Bxe6 Bxa4 31. Rdc1 Qe7 32. Bd5 Ra7 33. Qe3 b5 34. Rc5 Rc7 35. Rac1 Rxc5 36. bxc5 Nc8 37. Nb3 Bf8 38. f4 exf4 39. Bxf4 Bg7 40. c6 Nd6 41. Nc5 Rc8 42. Nb7 Nc4 43. Qc5 Qxc5+ 44. Nxc5 Ne5 45. Nxa4 bxa4 46. Bxe5 fxe5 47.
Be6 Rc7 48. Rb1 Bf8 49. Bd5 Kg7 50. Kf1 Bd6 51. Ke2 a3 52. Kd3 Kf6 53. Kc4 Ke7 54. Kb5 Kd8 55. Rf1 Re7 56. Kb6 Bc7+ 57. Kc5 Kc8 58. Rf8+ Bd8 59. Kd6 Rc7 60. Be6+ 1-0

[Event "*** Titled Tuesday Blitz"]
[Site "Chess.com"]
[Date "2020.02.04"]
[Round "3"]
[White "Tayson_7"]
[Black "SantoBlue"]
[Result "1-0"]
[WhiteElo "2672"]
[BlackElo "2818"]
[TimeControl "180+2"]
[EndTime "13:40:32 PST"]
[Termination "Tayson_7 won by resignation"]

1. e4 e5 2. Nf3 Nc6 3. Bb5 a6 4.
Ba4 Nf6 5. O-O Be7 6. Re1 b5 7. Bb3 O-O 8. c3 d6 9. h3 Nb8 10. d4 Nbd7 11. c4 b4 12. a3 bxa3 13. Nxa3 Rb8 14. Bc2 Re8 15. Rb1 Bf8 16. d5 a5 17.
Bd2 Ra8 18. Ra1 Nc5 19. Nb5 a4 20. b4 axb3 21. Rxa8 bxc2 22. Qxc2 Qd7 23. Bb4 Na6 24. Ba5 Bb7 25. Ra7 Rb8 26. Rb1 Qc8 27. c5 Nxc5 28. Nd2 c6 29. Bc7 cxb5 30. Bxb8 Qxb8 31. Ra5 Ba6 32.
Qa2 Qb6 33. Nc4 Qc7 34. Nd2 Qc8 35. Ra1 Bb7 36. Rxb5 Nfxe4 37. Nxe4 Nxe4 38. Qa7 Nc5 39.
Rab1 h5 40. Rxc5 dxc5 41. Rxb7 Qf5 42. Rb8 Qc2 43. Qa1 f6 44. d6 Qd2 45. Rd8 Kf7 46. Qa6 Qd1+ 47. Qf1 Qd4 48. Qb5 Qd1+ 49. Kh2 Qd2 50.
Qe8+ Kg8 51. Qxf8+ Kh7 52. Qg8+ Kg6 53. Qc4 Qxf2 54. Rh8 f5 55. d7 e4 56. Qe6+ Kg5 57.
d8=Q+ Kf4 58. Qdd6+ Ke3 59. Qxc5+ 1-0

[Event "*** Titled Tuesday Blitz"]
[Site "Chess.com"]
[Date "2020.02.04"]
[Round "3"]
[White "jguerramzllo"]
[Black "arjwezhrtdrz"]
[Result "1-0"]
[WhiteElo "2466"]
[BlackElo "2245"]
[TimeControl "180+2"]
[EndTime "13:40:33 PST"]
[Termination "jguerramzllo won by resignation"]

1. c4 d6 2. g3 Nf6 3. Bg2 c6 4. Nf3 Bg4 5. O-O Nbd7 6. h3 Bxf3 7. Bxf3 e5 8. d3 Be7 9. e4 O-O 10. Bg2 a5 11. Be3 Qc7 12. d4 Rfe8 13. Nc3 exd4 14. Bxd4 Nc5 15. Re1 Rad8 16. Qc2 Nfd7 17. Rad1 Bf6 18.
Kh2 Bxd4 19. Rxd4 Nf6 20. Red1 Rd7 21. b3 Red8 22. f4 h6 23. Qd2 Ne6 24. Rd3 Nc5 25.
Re3 Re8 26. Rde1 Rde7 27. R3e2 Kf8 28. Qd4 Ne6 29. Qf2 Nc5 30. Bf3 b6 31. Kg2 Nd3 32.
Qd4 Nxe1+ 33. Rxe1 Nd7 34. Rd1 Nc5 35. Qxd6 Qxd6 36. Rxd6 Re6 37. Rd4 f6 38. Bg4 R6e7 39. Rd6 Nxe4 40. Nxe4 Rxe4 41. Rxc6 Rb8 42. Kf3 Re7 43. h4 Kf7 44. Bf5 Kf8 45. Be6 Rbe8 46. f5 Rb8 47. a3 Ra7 48. Kg4 b5 49. cxb5 Rxb5 50. Rc8+ Ke7 51. Kh5 Kd6 52. Kg6 Rbb7 53. g4 Ke5 54. Rc5+ Kf4 55. Rc4+ Kg3 56. Kh5 Kf3 57.
Bd5+ Ke3 58. Bxb7 Rxb7 59. b4 axb4 60. axb4 Kd3 61. Rc8 Rxb4 62. Rc7 Ke3 63. Rxg7 Kf3 64. Rg6 Rf4 65. Kxh6 Rxg4 66. Rxg4 Kxg4 67. Kg6 1-0

[Event "*** Titled Tuesday Blitz"]
[Site "Chess.com"]
[Date "2020.02.04"]
[Round "3"]
[White "JonahWillow"]
[Black "dragos420"]
[Result "1-0"]
[WhiteElo "2742"]
[BlackElo "2482"]
[TimeControl "180+2"]
[EndTime "13:40:36 PST"]
[Termination "JonahWillow won by resignation"]

1. e4 e5 2. Nf3 Nc6 3. Nc3 Nf6 4.
Bb5 Bb4 5. O-O O-O 6. d3 Bxc3 7. bxc3 d6 8. Bg5 Qe7 9. Re1 Nd8 10. d4 Ne6 11.
Bc1 Nf4 12. Bxf4 exf4 13. Bd3 Bg4 14. h3 Bh5 15. Qd2 Bxf3 16. gxf3 Nh5 17. Kh2 g6 18.
Rab1 c6 19. e5 d5 20. Rg1 f6 21. Rbe1 Rae8 22. Rg4 Qf7 23. Reg1 Kh8 24. Rxg6 fxe5 25. dxe5 hxg6 26. Bxg6 Qc7 27. Bxh5 Rxe5 28. Bg6 Qe7 29. Qd3 Rg8 30. Rg4 Rg7 31. Qd4 Rg5 32. Bd3 Rxg4 33.
fxg4 Qh4 34. Qxf4 Qd8 35. Qh6+ Kg8 36. Qe6+ Kh8 37. Qe5 Qc7 38. Qxc7 Rxc7 39. f4 Kg7 40. f5 Re7 41. Kg3 Re3+ 42. Kh4 c5 43. g5 c4 44. f6+ Kf7 45. Bf5 Rxc3 46. Kg4 Re3 47. h4 d4 48. h5 d3 49. cxd3 cxd3 50. Bg6+ Kf8 51. h6 Re1 52. Bxd3 Rg1+ 53. Kh5 Kf7 54. h7 Rh1+ 55. Kg4 Rh2 56. Kf5 Rh5 57. Bc4+ Kf8 58. Kg6 Rh1 59. Bg8 Rh2 60. Kf5 Rh5 61. Kg4 Rh1 62.
g6 Rg1+ 63. Kf5 Rf1+ 64. Ke5 Re1+ 65. Kd4 Rd1+ 66. Ke3 1-0

[Event "*** Titled Tuesday Blitz"]
[Site "Chess.com"]
[Date "2020.02.04"]
[Round "3"]
[White "Sanyura"]
[Black "DarkAlekhine"]
[Result "1-0"]
[WhiteElo "2494"]
[BlackElo "2685"]
[TimeControl "180+2"]
[EndTime "13:40:39 PST"]
[Termination "Sanyura won by resignation"]

1. e4 d5 2. exd5 Qxd5 3. Nf3 Bg4 4. Be2 Nc6 5. Nc3 Qh5 6. h3 O-O-O 7. O-O Bxf3 8.
Bxf3 Qg6 9. Bh5 Qf6 10. d3 g6 11. Bg4+ e6 12. a4 Bc5 13. Ne4 Qe7 14. Bg5 f6 15. Nxc5 Qxc5 16. Bxe6+ Kb8 17. Be3 Qd6 18. Bxg8 Rhxg8 19. a5 a6 20. Qf3 Ne5 21. Qg3 Qc6 22. Rac1 g5 23. d4 Nc4 24. b3 Nd6 25. c4 Qe4 26. Rfe1 Nf5 27. Qg4 Qxg4 28. hxg4 Nxd4 29.
Bxd4 Rxd4 30. f3 Rd3 31. b4 Rb3 32. c5 Rxb4 33. c6 Rg7 34. Re8+ Ka7 35. Re6 Rf7 36. cxb7 Kxb7 37. Rcc6 f5 38. gxf5 Rxf5 39. Rxa6 Rbb5 40.
Rac6 Rxa5 41. Rc2 h5 42. Kh2 Rac5 43. Rb2+ Rb5 44. Rd2 Rfd5 45. Rde2 Rd6 46. Re7 h4 47. Rc2 Rc6 48. Rd2 Kb6 49. Rd8 Kb7 50. Rd2 Rcc5 51.
Kh3 Kb6 52. Kg4 Rb4+ 53. Kh3 Rc3 54. Rd8 Kc5 55. Rxc7+ 1-0

[Event "*** Titled Tuesday Blitz"]
[Site "Chess.com"]
[Date "2020.02.04"]
[Round "3"]
[White "dmosesov"]
[Black "obliviate12"]
[Result "1/2-1/2"]
[WhiteElo "2590"]
[BlackElo "2841"]
[TimeControl "180+2"]
[EndTime "13:40:44 PST"]
[Termination "Game drawn - insufficient material"]

1. d4 Nf6 2. c4 e6 3. Nc3 Bb4 4. e3 O-O 5. Bd2 b6 6. a3 Bxc3 7. Bxc3 Ne4 8. Rc1 Bb7 9. Ne2 d6 10. d5 Nd7 11. Qd4 Ndf6 12. f3 Nc5 13. Rd1 exd5 14.
cxd5 Bxd5 15. Nf4 Bb3 16. Rc1 a5 17. Be2 Ne6 18. Nxe6 fxe6 19. O-O Qe7 20. Qh4 e5 21. Kh1 a4 22. e4 Kh8 23. Bd2 Qe6 24. Bg5 Rf7 25.
Rc3 c5 26. Bb5 d5 27. exd5 Nxd5 28. Rcc1 h6 29. Rfe1 Nf4 30. Bxf4 Rxf4 31. Qxf4 exf4 32. Rxe6 Bxe6 33. Re1 Bb3 34. Re4 Rd8 35. h4 Rd4 36. Re8+ Kh7 37. Rb8 Rd6 38. h5 Rd5 39. Rxb6 Rxh5+ 40. Kg1 Rd5 41. Ra6 Rd2 42. Bxa4 c4 43. Be8 Bc2 44.
Rc6 Bd3 45. Bf7 Rc2 46. a4 g5 47. a5 Rxb2 48. Bxc4 Bxc4 49. Rxc4 Ra2 50. Rc7+ Kg6 51.
Rc6+ Kh5 52. Ra6 g4 53. fxg4+ Kxg4 54. Rxh6 Rxa5 55. Rg6+ Rg5 56. Rxg5+ Kxg5 57. Kf2 Kf5 58. Kf3 Kg5 59. g3 fxg3 60. Kxg3 1/2-1/2

[Event "*** Titled Tuesday Blitz"]
[Site "Chess.com"]
[Date "2020.02.04"]
[Round "3"]
[White "Anton_Demchenko"]
[Black "amiralfio"]
[Result "0-1"]
[WhiteElo "2954"]
[BlackElo "2527"]
[TimeControl "180+2"]
[EndTime "13:40:44 PST"]
[Termination "amiralfio won by resignation"]

1. e4 c5 2. Nf3 d6 3. d4 Nf6 4. dxc5 Nxe4 5. cxd6 Nc6 6. Bd3 Nxd6 7. Nc3 g6 8. O-O Bg7 9. Re1 O-O 10. Bf4 Nf5 11. a3 Nfd4 12. Nxd4 Nxd4 13. Qd2 Bf5 14. Rad1 Bxd3 15.
Qxd3 Ne6 16. Be5 Qxd3 17. Rxd3 Rfd8 18. Nd5 Bxe5 19. Rxe5 Kf8 20. h4 Rd7 21. c4 Rad8 22. Rde3 b5 23. Rxe6 fxe6 24. Nf4 Rb8 25. Nxe6+ Kf7 26.
c5 b4 27. Ng5+ Ke8 28. Nxh7 Rd1+ 29. Kh2 Rc1 30. Nf6+ Kd8 31. Ne4 b3 32. Rd3+ Kc7 33. Nc3 Rc2 34. Nd5+ Kc6 35. Nb4+ Rxb4 36. axb4 Rxb2 37. g4 Kb5 38. Kg3 Kxb4 39. h5 gxh5 40. gxh5 Rc2 41. Rd4+ Kxc5 42. Rd8 Kc4 43. h6 b2 44. Rb8 Rc3+ 45. Kg2 Rb3 46. Rc8+ Kd5 47. Rd8+ Ke6 48. h7 b1=Q 49. h8=Q Qe4+ 50. Kh2 Qf4+ 51. Kg1 Rb1+ 52. Kg2 Qg4+ 53. Kh2 Qg1+ 54. Kh3 Rb3+ 55. Kh4 Qh2+ 56. Kg4 Qg2+ 57. Kf4 Qxf2+ 58. Ke4 Re3+ 59.
Kd4 Rh3+ 60. Kc4 Rxh8 61. Rxh8 Qc2+ 0-1

[Event "*** Titled Tuesday Blitz"]
[Site "Chess.com"]
[Date "2020.02.04"]
[Round "3"]
[White "Zkid"]
[Black "Misi_95"]
[Result "1-0"]
[WhiteElo "2836"]
[BlackElo "2657"]
[TimeControl "180+2"]
[EndTime "13:40:46 PST"]
[Termination "Zkid won by resignation"]

1. e4 c5 2. Nf3 e6 3. d4 cxd4 4.
Nxd4 a6 5. c4 Nf6 6. Nc3 Bb4 7.
Qd3 d6 8. f3 Nbd7 9. Be3 Qc7 10.
a3 Ne5 11. Qd2 Bc5 12. Be2 O-O 13. O-O Ba7 14. Rac1 Bd7 15. Kh1 Rac8 16. b3 Qb8 17. h3 Rfe8 18. Rfd1 d5 19. f4 Nc6 20. e5 Ne4 21. Nxe4 dxe4 22. b4 Nxd4 23. Bxd4 Ba4 24. Bxa7 Qxa7 25. Qd4 Qxd4 26. Rxd4 Red8 27. Rxe4 Rd2 28.
Re3 Rcd8 29. Bf3 Bc6 30. Rcc3 g6 31. Kh2 h5 32. h4 R8d4 33. Kg3 Kg7 34. Bxc6 bxc6 35.
Kf3 Rd1 36. g3 R4d2 37. Re2 Rd4 38. Ke3 Rd7 39. Rb3 Kf8 40. Rc3 Kg7 41. Ke4 Rd8 42. Ree3 R8d4+ 43. Kf3 R4d2 44. Re2 Rd7 45. Rb2 R7d3+ 46.
Rxd3 Rxd3+ 47. Ke4 Rxa3 48. Kd4 Rxg3 49. Kc5 Rc3 50. Ra2 Rf3 51. Rxa6 Rxf4 52. Rxc6 g5 53. b5 gxh4 54. b6 h3 55. Rd6 h2 56. Rd1 Rf2 57. b7 Rb2 58. Kc6 Kg6 59. Rh1 Kf5 60. Rxh2 Rxh2 61.
b8=Q h4 62. Qd8 Kxe5 63. Qd6+ 1-0

[Event "*** Titled Tuesday Blitz"]
[Site "Chess.com"]
[Date "2020.02.04"]
[Round "3"]
[White "HanSchut"]
[Black "Heineccius"]
[Result "1/2-1/2"]
[WhiteElo "2325"]
[BlackElo "2656"]
[TimeControl "180+2"]
[EndTime "13:40:49 PST"]
[Termination "Game drawn by repetition"]

1. e4 c5 2. Nf3 e6 3. c4 a6 4. Nc3 Qc7 5. Be2 b6 6. O-O Bb7 7.
d4 cxd4 8. Nxd4 Nf6 9. f3 Bc5 10. Be3 Nc6 11. Nc2 d6 12. Kh1 Bxe3 13. Nxe3 O-O 14. Qd2 Rfd8 15. Rfd1 Rac8 16. Rac1 Ne5 17. b3 Ng6 18. Bf1 Qb8 19. Qf2 Nf4 20. Na4 Bc6 21.
Nc3 b5 22. cxb5 axb5 23. b4 d5 24. exd5 N6xd5 25. Ncxd5 Nxd5 26. Nxd5 Bxd5 27. a3 Bb3 28. Rxd8+ Rxd8 29. Qc5 Ba4 30. h3 g6 31. Qg5 Qd6 32.
h4 Qd4 33. Kh2 Kg7 34. h5 h6 35. Qg3 Rd5 36. Rc5 Rxc5 37. bxc5 Qxc5 38. hxg6 fxg6 39.
Bd3 g5 40. Qg4 Qe5+ 41. g3 Bd1 42. Qh5 Qf6 43. Kg2 Qb2+ 44. Kh3 Qf6 45. Kg2 Kf8 46. Qg4 Bb3 47. Qb4+ Kg7 48. Qxb3 Qd4 49. Qc2 h5 50. Bh7 g4 51. fxg4 hxg4 52. Be4 Qe3 53. Kh2 Qh6+ 54.
Kg2 Qe3 55. Qb2+ Kg8 56. Qc2 Kg7 1/2-1/2